[Event "Titled Tuesday Blitz May 23 Late 2023"]
[White "Camilla_Lee"]
[Black "Kisic, Bozidar"]
[BlackFideId "16500350"]
[WhiteElo "2675"]
[BlackElo "2234"]
[Result "0-1"]
[Round "04"]
[TimeControl "180+2"]
[Date "2023.05.23"]
[WhiteClock "0:00:04"]
[BlackClock "0:00:08"]

1. e4 g6 2. d4 Bg7 3. Nc3 d6 4. f4 a6 5. Nf3 Nd7 6. Bd3 b5 7. O-O Bb7 8. Qe2 c5 9. Qe3 cxd4 10. Nxd4 Qb6 11. Nce2 Ngf6 12. h3 e5 13. Nf3 Qxe3+ 14. Bxe3 Nxe4 15. fxe5 dxe5 16. Nd2 Nxd2 17. Bxd2 f5 18. Nc3 e4 19. Be2 O-O 20. Bf4 Nf6 21. Rad1 Rfd8 22. a3 Kf7 23. Kf2 Nd5 24. Nxd5 Bxd5 25. c3 Bb3 26. Rxd8 Rxd8 27. Ke3 Bf8 28. Kf2 Bc5+ 29. Be3 Be7 30. Bd4 Ke6 31. g4 f4 32. g5 Kd6 33. h4 Kc6 34. Bg4 e3+ 35. Kf3 Bd6 36. Re1 Bd5+ 37. Ke2 Re8 38. Bf6 Be4 39. Rd1 Bd5 40. h5 Bc4+ 41. Kf3 e2 42. Re1 Re3+ 43. Kf2 Bc5 44. Bd4 Bxd4 45. cxd4 Rb3 46. hxg6 hxg6 47. Bf3+ Kd6 48. Be4 Rxb2 49. Bxg6 Rb3 50. Bh5 Rg3 51. Bxe2 Rxg5 52. Kf3 Rd5 53. Ke4 Bb3 54. Rg1 Ke7 55. Rg7+ Kf6 56. Ra7 Rd6 57. Kxf4 Rxd4+ 58. Ke3 Rd6 59. Bf3 Be6 60. Be4 Bc4 61. Bb7 Re6+ 62. Kd4 Rd6+ 63. Kc5 Rd3 64. Rxa6+ Ke5 65. Ra8 Rc3 66. Kb4 Rc1 67. Re8+ Kd6 68. Rh8 Kc7 69. Be4 Re1 70. Rh7+ Kd6 71. Bf3 Ke5 72. Rh5+ Kd4 73. Rh4+ Ke3 74. Bc6 Rb1+ 75. Kc5 Ra1 76. Rh3+ Kd2 77. Bxb5 Be6 78. a4 Bxh3 79. Kb6 Bc8 80. a5 Kc3 81. Bc6 Kb4 82. Kc7 Ba6 83. Kb6 Rxa5 84. Bd7 Bb5 85. Bc8 Ra1 86. Bb7 Rg1 87. Bd5 Rg6+ 88. Kc7 Kc5 89. Be4 Rg7+ 90. Kd8 Kd6 91. Kc8 Bc6 92. Bf5 Rg8# 0-1


[Site "https://www.chess.com"]

[Event "Titled Tuesday Blitz May 23 Late 2023"]
[White "Dragomirescu, Robin-Alexandru"]
[Black "Godzwon, Iwo"]
[WhiteFideId "1213849"]
[BlackFideId "21802483"]
[WhiteElo "2356"]
[BlackElo "2284"]
[Result "1/2-1/2"]
[Round "04"]
[TimeControl "180+2"]
[Date "2023.05.23"]
[WhiteClock "0:00:13"]
[BlackClock "0:01:33"]

1. b3 e5 2. Bb2 d6 3. e3 g6 4. c4 Bg7 5. Nc3 Ne7 6. g3 O-O 7. Bg2 Nbc6 8. Nge2 Be6 9. O-O d5 10. cxd5 Nxd5 11. d3 Qd7 12. Nxd5 Bxd5 13. Bxd5 Qxd5 14. Nc3 Qd7 15. Ne4 Rad8 16. Rc1 Rfe8 17. Qe2 Nb4 18. Nc5 Qc8 19. a3 Nd5 20. b4 c6 21. e4 Nc7 22. Rfd1 Ne6 23. Nxe6 Qxe6 24. Rc3 Rd7 25. Bc1 Red8 26. Be3 a6 27. a4 Bf8 28. Qb2 Qg4 29. Rd2 h5 30. Kg2 Qe6 31. h3 Qe7 32. b5 cxb5 33. axb5 a5 34. Bc5 Qe6 35. Bxf8 Rxf8 36. b6 Rfd8 37. Qb5 a4 38. Ra3 Rd4 39. Rxa4 Rxa4 40. Qxa4 Qxb6 41. Qc4 Kg7 42. h4 Rd4 43. Qc8 Rd8 44. Qc4 Qd6 45. Rb2 Rd7 46. Rb5 f6 47. Rd5 Qc7 48. Qxc7 Rxc7 49. Rb5 Kf7 50. Rb6 Rd7 51. f4 exf4 52. gxf4 Rxd3 53. Rxb7+ Kf8 54. Rb6 Kf7 55. Rb7+ Kf8 56. Rb6 Kf7 57. Rb7+ 1/2-1/2


[Site "https://www.chess.com"]

[Event "Titled Tuesday Blitz May 23 Late 2023"]
[White "cristianserban1"]
[Black "Prohaszka, Peter"]
[BlackFideId "726265"]
[WhiteElo "2487"]
[BlackElo "2626"]
[Result "0-1"]
[Round "04"]
[TimeControl "180+2"]
[Date "2023.05.23"]
[WhiteClock "0:01:51"]
[BlackClock "0:02:57"]

1. e4 c6 2. d4 d5 3. exd5 cxd5 4. Bd3 Nf6 5. Bf4 Nc6 6. c3 Bg4 7. Qb3 Qd7 8. Nd2 e6 9. Ngf3 Bd6 10. Bxd6 Qxd6 11. O-O O-O 12. Rfe1 Qc7 13. Ne5 Nxe5 14. Rxe5 g6 15. a4 Bf5 16. Bxf5 gxf5 17. Re3 Kh8 18. Qd1 Rg8 19. Kh1 Ng4 20. Nf3 Nxf2+ 0-1


[Site "https://www.chess.com"]

[Event "Titled Tuesday Blitz May 23 Late 2023"]
[White "Haydon, David L"]
[Black "Zeman, Matyas"]
[WhiteFideId "415405"]
[BlackFideId "364398"]
[WhiteElo "2326"]
[BlackElo "2254"]
[Result "1-0"]
[Round "04"]
[TimeControl "180+2"]
[Date "2023.05.23"]
[WhiteClock "0:00:40"]
[BlackClock "0:00:02"]

1. d4 Nf6 2. Nf3 d5 3. Bf4 e6 4. e3 Bd6 5. Nbd2 O-O 6. Bd3 c5 7. c3 Nc6 8. O-O Bxf4 9. exf4 cxd4 10. cxd4 Bd7 11. Nb3 Rc8 12. Ne5 Nb4 13. Bb1 Ba4 14. Qd2 Bxb3 15. Qxb4 Bc4 16. Rc1 Ba6 17. Bc2 Qc7 18. Bxh7+ Nxh7 19. Rxc7 Rxc7 20. h3 Rfc8 21. b3 Nf6 22. Re1 Ne4 23. a4 f6 24. Ng6 Kf7 25. f5 exf5 26. Nf4 Rd7 27. f3 Nc3 28. Re3 Na2 29. Qa5 Nc1 30. b4 Bc4 31. Qxa7 g5 32. Ne6 Re8 33. Nc5 Rxe3 34. Nxd7 Re1+ 35. Kh2 Ne2 36. Qxb7 f4 37. Ne5+ Ke6 38. Qd7# 1-0


[Site "https://www.chess.com"]

[Event "Titled Tuesday Blitz May 23 Late 2023"]
[White "Kielinkei"]
[Black "Djokic, Mihailo"]
[BlackFideId "976440"]
[WhiteElo "2461"]
[BlackElo "2294"]
[Result "0-1"]
[Round "04"]
[TimeControl "180+2"]
[Date "2023.05.23"]
[WhiteClock "0:00:01"]
[BlackClock "0:01:24"]

1. d4 Nf6 2. c4 g6 3. g3 d5 4. cxd5 Bg7 5. Bg2 Nxd5 6. Nf3 O-O 7. O-O Nb6 8. Nc3 Nc6 9. e3 e5 10. dxe5 Qxd1 11. Rxd1 Nxe5 12. Nxe5 Bxe5 13. Nd5 Nxd5 14. Bxd5 c6 15. Bb3 Bg4 16. Rd2 Rfd8 17. Bc4 b5 18. Bf1 Rxd2 19. Bxd2 Bxb2 20. Rb1 Ba3 21. Rb3 Rd8 22. Rxa3 Rxd2 23. Rxa7 Bf3 24. Ra3 Rd1 25. Rd3 Ra1 26. Rd2 Bd5 27. f4 Bc4 28. Rf2 b4 29. Kg2 Bxf1+ 30. Rxf1 Rxa2+ 31. Kf3 Rxh2 32. Rc1 b3 33. Rxc6 b2 34. Rc8+ Kg7 35. Rb8 h5 36. e4 Rc2 37. e5 Kh6 38. Rb6 Kh7 39. Rb7 Kg8 40. Ke3 Kf8 41. Kf3 Ke8 42. Ke3 Kd8 43. Kf3 Kc8 44. Rb4 Kc7 45. Ke3 Kc6 46. Rb8 Kd5 47. Kf3 Kc4 48. g4 Rc3+ 49. Ke4 Rb3 50. Rxb3 Kxb3 51. gxh5 b1=Q+ 52. Kd5 Qd3+ 53. Kc6 gxh5 54. f5 Qxf5 0-1


[Site "https://www.chess.com"]

[Event "Titled Tuesday Blitz May 23 Late 2023"]
[White "Chen, Justin"]
[Black "Gurevich, Dmitry"]
[WhiteFideId "2098199"]
[BlackFideId "2000407"]
[WhiteElo "2289"]
[BlackElo "2506"]
[Result "0-1"]
[Round "04"]
[TimeControl "180+2"]
[Date "2023.05.23"]
[WhiteClock "0:00:00"]
[BlackClock "0:00:06"]

1. d4 Nf6 2. Nf3 e6 3. Bf4 b6 4. g3 Bb7 5. Bg2 Be7 6. O-O O-O 7. c4 c5 8. Nc3 cxd4 9. Qxd4 d6 10. Qd2 h6 11. Rfd1 e5 12. Be3 Nbd7 13. Rac1 a6 14. Ne1 Bxg2 15. Nxg2 Rb8 16. Qd3 Re8 17. b3 Bf8 18. Rc2 Qc8 19. Rcd2 Qb7 20. a4 Nc5 21. Qb1 Nce4 22. Nxe4 Nxe4 23. Rd3 Nc5 24. Bxc5 bxc5 25. Ne3 e4 26. Rc3 g6 27. Nd5 Bg7 28. Re3 f5 29. g4 Kf7 30. gxf5 gxf5 31. Rg3 Be5 32. f4 Bh8 33. Kh1 Rg8 34. Rdg1 Bd4 35. Rxg8 Rxg8 36. Rxg8 Kxg8 37. e3 Bg7 38. Qd1 Qf7 39. Qe2 Kh7 40. Kg2 Bh8 41. Kf1 Qg7 0-1


[Site "https://www.chess.com"]

[Event "Titled Tuesday Blitz May 23 Late 2023"]
[White "Kovalevsky, Stanislav"]
[Black "Krallis, Christos"]
[WhiteFideId "13508598"]
[BlackFideId "4298896"]
[WhiteElo "2174"]
[BlackElo "2243"]
[Result "0-1"]
[Round "04"]
[TimeControl "180+2"]
[Date "2023.05.23"]
[WhiteClock "0:00:17"]
[BlackClock "0:00:34"]

1. c4 e5 2. Nc3 Nc6 3. g3 g6 4. Bg2 Nf6 5. a3 Bg7 6. b4 O-O 7. b5 Ne7 8. Bb2 d5 9. cxd5 Nexd5 10. Nf3 Re8 11. O-O e4 12. Ne1 Bf5 13. Qb3 Be6 14. Qc2 Bf5 15. Nxd5 Nxd5 16. Bxg7 Kxg7 17. Qb2+ Qf6 18. Qxf6+ Kxf6 19. Nc2 Rad8 20. Rac1 h5 21. Rfd1 Bg4 22. Kf1 Bd7 23. a4 c6 24. Na3 cxb5 25. axb5 Nb6 26. Rc7 Bc8 27. d4 Nd5 28. Rc5 b6 29. Rc6+ Kg7 30. e3 h4 31. Rdc1 h3 32. Bh1 Bb7 33. R6c4 a6 34. bxa6 Bxa6 35. Ke1 Bxc4 36. Rxc4 Rc8 37. Rxc8 Rxc8 38. Bxe4 Rc1+ 39. Ke2 Nc3+ 40. Kf3 Nxe4 41. Kxe4 Rh1 42. Nc4 Rxh2 43. Nxb6 Rxf2 44. d5 h2 45. d6 h1=Q+ 46. Ke5 Qc6 47. d7 Rf5+ 48. Kd4 Qxb6+ 49. Kc4 Rc5+ 50. Kd3 Qd6+ 51. Ke2 Rc2+ 52. Kf3 Qd5+ 53. e4 Qd3+ 54. Kf4 Rf2+ 55. Ke5 f6+ 56. Ke6 Qxe4+ 57. Kd6 Rd2+ 58. Kc7 Qe5+ 59. Kd8 Qd6 60. g4 Qxd7# 0-1


[Site "https://www.chess.com"]

[Event "Titled Tuesday Blitz May 23 Late 2023"]
[White "Ehlvest, Jaan"]
[Black "Buchenau, Frank"]
[WhiteFideId "4500016"]
[BlackFideId "4604350"]
[WhiteElo "2442"]
[BlackElo "2157"]
[Result "0-1"]
[Round "04"]
[TimeControl "180+2"]
[Date "2023.05.23"]
[WhiteClock "0:00:24"]
[BlackClock "0:00:13"]

1. e4 e6 2. Nf3 d5 3. exd5 exd5 4. d4 Bf5 5. Qe2+ Be7 6. Qb5+ Nc6 7. Ne5 a6 8. Nxc6 axb5 9. Nxd8 Kxd8 10. c3 b4 11. cxb4 Bxb4+ 12. Nc3 Nf6 13. f3 Re8+ 14. Kf2 c6 15. g4 Bg6 16. Bf4 Ke7 17. h4 h5 18. g5 Nd7 19. Ne2 Nb6 20. b3 Kf8 21. a4 c5 22. Bd6+ Kg8 23. Bxc5 Bxc5 24. dxc5 Nd7 25. b4 Ne5 26. Nd4 Bd3 27. Bh3 Bc4 28. Rhb1 Nd3+ 29. Kg3 Re3 30. Nf5 Re2 31. a5 Rae8 32. Bf1 Rd2 33. Nd6 Re3 34. c6 bxc6 35. a6 Rf2 36. a7 Rexf3# 0-1


[Site "https://www.chess.com"]

[Event "Titled Tuesday Blitz May 23 Late 2023"]
[White "Mujumdar, Sameer"]
[Black "Vlassov, Nikolai"]
[WhiteFideId "2029707"]
[BlackFideId "4103360"]
[WhiteElo "2104"]
[BlackElo "2324"]
[Result "0-1"]
[Round "04"]
[TimeControl "180+2"]
[Date "2023.05.23"]
[WhiteClock "0:00:14"]
[BlackClock "0:00:36"]

1. e4 c5 2. Nf3 d6 3. d4 cxd4 4. Nxd4 Nf6 5. Nc3 g6 6. Bc4 Bg7 7. f3 a6 8. Be3 b5 9. Bb3 Bb7 10. Qd2 h5 11. O-O-O Nbd7 12. Nd5 Rc8 13. Kb1 Ne5 14. Nxf6+ Bxf6 15. Bg5 Bg7 16. Bd5 Nc4 17. Bxc4 Rxc4 18. Nb3 O-O 19. Bh6 Qc7 20. Bxg7 Kxg7 21. Na5 Rc5 22. Nb3 Re5 23. Qd4 Kg8 24. Rhe1 Qc4 25. Na5 Qxd4 26. Rxd4 Ba8 27. Rc1 Rc8 28. c4 Rec5 29. Rc3 b4 0-1


[Site "https://www.chess.com"]

[Event "Titled Tuesday Blitz May 23 Late 2023"]
[White "Perez Rodriguez, Jennifer"]
[Black "Javakhadze, Zurab"]
[WhiteFideId "3507831"]
[BlackFideId "13603647"]
[WhiteElo "2116"]
[BlackElo "2381"]
[Result "0-1"]
[Round "04"]
[TimeControl "180+2"]
[Date "2023.05.23"]
[WhiteClock "0:00:05"]
[BlackClock "0:00:35"]

1. e4 e5 2. Nc3 Nf6 3. f4 d5 4. fxe5 Nxe4 5. Qf3 Nxc3 6. bxc3 c5 7. Bb5+ Nc6 8. Ne2 Be7 9. O-O O-O 10. d4 f6 11. Bxc6 bxc6 12. Qg3 fxe5 13. Bh6 Rxf1+ 14. Rxf1 Bf8 15. dxe5 Ba6 16. Rf2 Rb8 17. h3 Qe8 18. e6 Rb7 19. Nf4 Bd6 20. Qg4 Kh8 21. Bg5 h6 22. Qh4 Rb1+ 23. Kh2 Qxe6 24. g3 Qe1 25. Ng6+ Kh7 26. Nf8+ Bxf8 27. Kg2 Qh1# 0-1


[Site "https://www.chess.com"]

[Event "Titled Tuesday Blitz May 23 Late 2023"]
[White "Amburgy, Ryan"]
[Black "Prydun, Andriy"]
[WhiteFideId "30924820"]
[BlackFideId "14145898"]
[WhiteElo "2134"]
[BlackElo "2164"]
[Result "1-0"]
[Round "04"]
[TimeControl "180+2"]
[Date "2023.05.23"]
[WhiteClock "0:00:38"]
[BlackClock "0:00:20"]

1. d4 Nf6 2. c4 e6 3. Nf3 d5 4. Nc3 Be7 5. Bf4 a6 6. e3 Nbd7 7. cxd5 Nxd5 8. Nxd5 exd5 9. a3 O-O 10. Bd3 c5 11. dxc5 Nxc5 12. Bc2 Bg4 13. O-O Rc8 14. h3 Bh5 15. g4 Bg6 16. Bxg6 fxg6 17. Nd4 Bd6 18. b4 Bxf4 19. exf4 Ne4 20. Ne6 Qh4 21. Qxd5 Nc3 22. Qb3 Qxh3 23. Ng5+ 1-0


[Site "https://www.chess.com"]

[Event "Titled Tuesday Blitz May 23 Late 2023"]
[White "Rosen, Eric"]
[Black "Arnold, Ken"]
[WhiteFideId "2032562"]
[BlackFideId "2056836"]
[WhiteElo "2331"]
[BlackElo "2410"]
[Result "1-0"]
[Round "04"]
[TimeControl "180+2"]
[Date "2023.05.23"]
[WhiteClock "0:00:18"]
[BlackClock "0:00:09"]

1. d4 Nf6 2. Bf4 d5 3. e3 Nbd7 4. Nd2 e6 5. Ngf3 Bb4 6. c3 Ba5 7. Bd3 c6 8. e4 dxe4 9. Nxe4 Nxe4 10. Bxe4 Nf6 11. Bc2 Bc7 12. Ne5 Nd5 13. Bg3 Ne7 14. Qh5 Bxe5 15. Bxe5 Qd5 16. Qg4 Ng6 17. Bxg7 Rg8 18. Bf6 Ne7 19. Qh4 Qxg2 20. Be4 Nf5 21. Bxg2 Nxh4 22. Bxh4 Rxg2 23. Bg3 e5 24. dxe5 Bg4 25. Kd2 Bf3 26. Rhe1 h5 27. Ke3 Bd5 28. h4 O-O-O 29. b3 b5 30. Rad1 Kb7 31. c4 bxc4 32. bxc4 Rg8 33. cxd5 1-0


[Site "https://www.chess.com"]

[Event "Titled Tuesday Blitz May 23 Late 2023"]
[White "Mirimanian, Hayk"]
[Black "Debray, Christopher"]
[WhiteFideId "4700180"]
[BlackFideId "630810"]
[WhiteElo "2280"]
[BlackElo "2340"]
[Result "0-1"]
[Round "04"]
[TimeControl "180+2"]
[Date "2023.05.23"]
[WhiteClock "0:00:12"]
[BlackClock "0:00:04"]

1. e4 c6 2. Nf3 d5 3. Nc3 dxe4 4. Nxe4 Nf6 5. Qe2 Nxe4 6. Qxe4 Be6 7. c4 Nd7 8. d4 Nf6 9. Qf4 g6 10. Be2 Bg7 11. O-O O-O 12. Rd1 b5 13. b3 bxc4 14. bxc4 Qa5 15. Bd2 Qa4 16. Ne5 Rad8 17. Bc3 Qc2 18. Qd2 Qxd2 19. Bxd2 Rxd4 20. Nxc6 Rd7 21. Be3 Rc7 22. Nxa7 Bxc4 23. Nb5 Bxe2 24. Nxc7 Bxd1 25. Rxd1 Rc8 26. Bb6 Ne4 27. a4 Nc3 28. Re1 Nxa4 29. Ba5 e6 30. g3 Bc3 31. Bxc3 Nxc3 32. Na6 Rc4 33. Kg2 Ra4 34. Rc1 Ne2 35. Rc8+ Kg7 36. Rc2 Nf4+ 37. Kf3 Nd3 38. Nc5 Ne1+ 39. Ke2 Nxc2 40. Nxa4 Nd4+ 41. Ke3 Nc6 42. Nc3 f5 43. f4 Kf6 44. Nb5 e5 45. fxe5+ Kxe5 46. Nc3 g5 47. Ne2 Ne7 48. h3 Nd5+ 49. Kf3 h6 50. Nc1 Kd4 51. Ne2+ Kd3 52. Nc1+ Kc3 53. Ne2+ Kd3 54. Nc1+ Kd4 55. Nb3+ Ke5 56. Nc5 Nf6 57. Nd3+ Ke6 58. Nc5+ Ke5 59. Nd3+ Kd4 60. Nb4 Nd5 61. Nc6+ Kc5 62. Ne5 Nf6 63. Nf7 Ng8 64. h4 gxh4 65. gxh4 Kd5 66. Kf4 Ke6 67. Nd8+ Kf6 68. Nb7 Ne7 69. Nc5 Ng6+ 70. Kg3 Ke5 71. Nd3+ Ke4 72. Nc5+ Ke3 73. h5 f4+ 74. Kg2 f3+ 75. Kf1 Nf4 76. Nd7 Nxh5 77. Ne5 Ng3+ 78. Kg1 f2+ 79. Kg2 f1=Q+ 80. Kh2 Qf2+ 81. Kh3 Qf1+ 82. Kh4 Nf5+ 83. Kg4 Qf4+ 84. Kh5 Qxe5 85. Kg6 Nd4 86. Kxh6 Qg3 87. Kh5 Kf4 0-1


[Site "https://www.chess.com"]

[Event "Titled Tuesday Blitz May 23 Late 2023"]
[White "Tejedor Fuente, Enrique"]
[Black "el_sporco"]
[WhiteFideId "2299100"]
[WhiteElo "2496"]
[BlackElo "2374"]
[Result "1-0"]
[Round "04"]
[TimeControl "180+2"]
[Date "2023.05.23"]
[WhiteClock "0:01:22"]
[BlackClock "0:00:14"]

1. Nf3 Nf6 2. Nc3 d5 3. d4 c5 4. dxc5 e6 5. e4 Bxc5 6. exd5 O-O 7. Be2 exd5 8. O-O h6 9. Bf4 Nc6 10. Na4 Bd6 11. Bxd6 Qxd6 12. Nd4 Qf4 13. c3 Nxd4 14. Qxd4 Qxd4 15. cxd4 Bd7 16. Nc3 Bc6 17. Bd3 Rad8 18. a4 a5 19. Ra3 Ne4 20. Nb1 Rfe8 21. f3 Nd6 22. Rd1 Re3 23. Bh7+ Kxh7 24. Rxe3 Nc4 25. Re2 Bxa4 26. Rde1 Bd7 27. Nc3 Be6 28. b3 Nd6 29. Ra2 b6 30. Rc1 Rc8 31. Ne2 Re8 32. Kf2 Bd7 33. g4 Nb5 34. Rd2 g5 35. h4 Kg6 36. Rh1 f5 37. gxf5+ Bxf5 38. hxg5 hxg5 39. Ng3 Bd7 40. Rc1 Nd6 41. Rc7 Rd8 42. Re2 Kf6 43. Re5 Be6 44. Nh5+ Kg6 45. Rxe6+ Kxh5 46. Rh7# 1-0


[Site "https://www.chess.com"]

[Event "Titled Tuesday Blitz May 23 Late 2023"]
[White "HamedWafa4"]
[Black "Fajdetic, Hrvoje"]
[BlackFideId "14501945"]
[WhiteElo "2633"]
[BlackElo "2185"]
[Result "1-0"]
[Round "04"]
[TimeControl "180+2"]
[Date "2023.05.23"]
[WhiteClock "0:00:29"]
[BlackClock "0:00:12"]

1. e4 e6 2. d4 d5 3. e5 c5 4. c3 Nc6 5. Nf3 Bd7 6. Be2 f6 7. O-O fxe5 8. Nxe5 Nf6 9. Nxc6 bxc6 10. Nd2 Bd6 11. Nf3 O-O 12. Bd3 Qc7 13. h3 cxd4 14. cxd4 e5 15. dxe5 Bxe5 16. Nxe5 Qxe5 17. Be3 Qxb2 18. Bd4 Qa3 19. Qc2 Rf7 20. Bc5 Qa5 21. Rab1 Bc8 22. Bb4 Qc7 23. Rfc1 Bd7 24. Bc3 Rb8 25. Rxb8+ Qxb8 26. Rb1 Qc8 27. Bd4 Ne4 28. Be5 Qf8 29. Rb8 Be8 30. Bxe4 dxe4 31. Qd2 h6 32. Bd6 Rxf2 33. Qxf2 Qxd6 34. Rxe8+ Kh7 35. Qf5+ g6 36. Qf7# 1-0


[Site "https://www.chess.com"]

[Event "Titled Tuesday Blitz May 23 Late 2023"]
[White "koncheto"]
[Black "Wang, Alexander J"]
[BlackFideId "30955270"]
[WhiteElo "2633"]
[BlackElo "2289"]
[Result "1-0"]
[Round "04"]
[TimeControl "180+2"]
[Date "2023.05.23"]
[WhiteClock "0:01:23"]
[BlackClock "0:01:15"]

1. e4 c5 2. Nf3 d6 3. d4 cxd4 4. Nxd4 Nf6 5. f3 g6 6. c4 Bg7 7. Nc3 Nc6 8. Be3 O-O 9. Be2 Ne5 10. O-O Be6 11. b3 Rc8 12. Rc1 a6 13. Qd2 Nfd7 14. Rfd1 Nc5 15. h3 Nc6 16. f4 Nxd4 17. Bxd4 Qc7 18. Bf3 Nd7 19. Bf2 f5 20. exf5 Bxf5 21. Nd5 Qd8 22. Ne3 Nc5 23. b4 Ne4 24. Qd5+ e6 25. Qxb7 Nxf2 26. Kxf2 Qh4+ 27. g3 Qxh3 28. Rh1 Bd4 29. Rxh3 Bxh3 30. Rh1 Bf5 31. Qxh7# 1-0


[Site "https://www.chess.com"]

[Event "Titled Tuesday Blitz May 23 Late 2023"]
[White "Chyngyz, Sultai"]
[Black "NikaVolkov"]
[WhiteFideId "13803158"]
[WhiteElo "1408"]
[BlackElo "2632"]
[Result "0-1"]
[Round "04"]
[TimeControl "180+2"]
[Date "2023.05.23"]
[WhiteClock "0:02:37"]
[BlackClock "0:02:58"]

1. e4 c5 2. Nf3 e6 3. d4 d5 4. exd5 exd5 5. dxc5 Bxc5 6. Bd3 Nf6 7. O-O O-O 8. h3 Nc6 9. Bg5 h6 10. Bh4 Qd6 11. Nc3 a6 12. Bg3 Qxg3 13. Na4 Bxh3 14. Ne1 Ng4 15. Qxg4 Bxg4 16. Nxc5 Qd6 17. Nb3 Rfe8 18. f3 Bh5 19. g4 Bg6 20. Bxg6 fxg6 21. Ng2 Re2 22. Rad1 Qg3 0-1


[Site "https://www.chess.com"]

[Event "Titled Tuesday Blitz May 23 Late 2023"]
[White "Piesik, Piotr"]
[Black "Djabri,Massinas"]
[WhiteFideId "1136194"]
[BlackFideId "7905726"]
[WhiteElo "2299"]
[BlackElo "2194"]
[Result "1-0"]
[Round "04"]
[TimeControl "180+2"]
[Date "2023.05.23"]
[WhiteClock "0:00:33"]
[BlackClock "0:00:00"]

1. Nf3 Nf6 2. g3 d5 3. Bg2 c5 4. O-O Nc6 5. d3 e6 6. Nbd2 Be7 7. e4 O-O 8. Qe2 dxe4 9. dxe4 Nd4 10. Nxd4 cxd4 11. e5 Nd5 12. Nb3 Qb6 13. Rd1 Bd7 14. Nxd4 Rac8 15. c3 Qa5 16. Qg4 Nb6 17. Bf4 Nc4 18. Qe2 Rfd8 19. b3 Nb6 20. c4 Qa6 21. Rd3 Be8 22. Rad1 Nd7 23. Nb5 Nc5 24. Rxd8 Rxd8 25. Nc7 Rxd1+ 26. Qxd1 Qxa2 27. Nxe8 Nxb3 28. Nd6 b6 29. h4 Nc5 30. Qh5 g6 31. Qf3 Qb1+ 32. Kh2 Kg7 33. Bh6+ Kxh6 34. Qf4+ g5 35. hxg5+ Bxg5 36. Nxf7+ Kg6 37. Nxg5 h6 38. Qf6+ 1-0


[Site "https://www.chess.com"]

[Event "Titled Tuesday Blitz May 23 Late 2023"]
[White "Cagara, Paulina"]
[Black "Chor, Kevin"]
[WhiteFideId "1124870"]
[BlackFideId "2090740"]
[WhiteElo "1967"]
[BlackElo "2628"]
[Result "0-1"]
[Round "04"]
[TimeControl "180+2"]
[Date "2023.05.23"]
[WhiteClock "0:00:52"]
[BlackClock "0:00:30"]

1. e4 c5 2. Nc3 Nc6 3. Bb5 Nd4 4. Bc4 e6 5. Nf3 Ne7 6. O-O Nec6 7. d3 Be7 8. a4 O-O 9. Nxd4 cxd4 10. Ne2 d5 11. exd5 exd5 12. Bb3 Bg4 13. f3 Bf5 14. Nf4 Nb4 15. Bd2 Re8 16. Bxb4 Bxb4 17. Bxd5 Bd6 18. Be4 Bd7 19. Ne2 Qh4 20. g3 Qh5 21. f4 Bg4 22. Re1 Bc5 23. Qd2 Rxe4 24. dxe4 d3+ 25. Nd4 Bxd4+ 26. Re3 Qc5 27. Re1 dxc2 28. Qc1 Bxe3+ 29. Rxe3 Rd8 0-1


[Site "https://www.chess.com"]

[Event "Titled Tuesday Blitz May 23 Late 2023"]
[White "Estrada Nieto, Julian"]
[Black "Bryakin, Mikhail"]
[WhiteFideId "5101018"]
[BlackFideId "4165314"]
[WhiteElo "2161"]
[BlackElo "2467"]
[Result "0-1"]
[Round "04"]
[TimeControl "180+2"]
[Date "2023.05.23"]
[WhiteClock "0:00:00"]
[BlackClock "0:02:10"]

1. e4 d5 2. exd5 Nf6 3. d4 Bg4 4. Be2 Bxe2 5. Qxe2 Qxd5 6. Nf3 Nc6 7. O-O O-O-O 8. c4 Nxd4 9. Nxd4 Qxd4 10. Nc3 Qd3 11. Qe5 Qxc4 12. Be3 e6 13. Nb5 a6 14. Rac1 Rd5 15. Rxc4 Rxe5 16. Rxc7+ Kd8 17. Rd1+ Rd5 18. Rxd5+ Nxd5 19. Rxb7 axb5 20. Rb8+ Kc7 21. Rxb5 Nxe3 22. fxe3 Bd6 23. g3 Rb8 24. Rxb8 Kxb8 25. Kf2 f5 26. Ke2 Kc7 27. Kd3 Kc6 28. Kc4 Bc5 29. b4 Bxe3 30. a4 g5 31. b5+ Kb6 32. Kb4 Bc5+ 33. Kc4 Bd6 34. Kd3 Ka5 35. Kc4 h5 0-1


[Site "https://www.chess.com"]

[Event "Titled Tuesday Blitz May 23 Late 2023"]
[White "Bruedigam, Martin"]
[Black "Sattarov, Bobir"]
[WhiteFideId "24608033"]
[BlackFideId "14203081"]
[WhiteElo "2331"]
[BlackElo "2351"]
[Result "0-1"]
[Round "04"]
[TimeControl "180+2"]
[Date "2023.05.23"]
[WhiteClock "0:00:09"]
[BlackClock "0:02:02"]

1. d4 e6 2. c4 b6 3. e4 Bb7 4. Nc3 Bb4 5. Bd3 f5 6. Qe2 Nf6 7. Bg5 fxe4 8. Bxe4 Bxc3+ 9. bxc3 Bxe4 10. Bxf6 Qxf6 11. Qxe4 Nc6 12. Nf3 O-O 13. O-O Na5 14. Nd2 Rae8 15. f4 c6 16. Qe5 Qg6 17. c5 Qd3 18. cxb6 axb6 19. Nf3 Qxc3 20. Qd6 Rf7 21. Rae1 Nc4 22. Qc7 b5 23. f5 Ne3 24. fxe6 dxe6 25. Qg3 Nxf1 0-1


[Site "https://www.chess.com"]

[Event "Titled Tuesday Blitz May 23 Late 2023"]
[White "Gokerkan, Cem Kaan"]
[Black "Ismayil, Malak"]
[WhiteFideId "6336760"]
[BlackFideId "13412604"]
[WhiteElo "2365"]
[BlackElo "1868"]
[Result "1-0"]
[Round "04"]
[TimeControl "180+2"]
[Date "2023.05.23"]
[WhiteClock "0:00:12"]
[BlackClock "0:00:00"]

1. e4 e5 2. Nc3 Nc6 3. g3 Bc5 4. Bg2 Nf6 5. Nge2 O-O 6. O-O d6 7. d3 h6 8. h3 Be6 9. Kh2 d5 10. f4 dxe4 11. f5 exd3 12. fxe6 dxe2 13. exf7+ Rxf7 14. Qxe2 Kh8 15. Qc4 Qe7 16. Ne4 Bb6 17. Bd2 Raf8 18. Nc3 Nd4 19. Na4 c6 20. Bb4 c5 21. Bd2 Qe6 22. Qxe6 Nxe6 23. Nxb6 axb6 24. c3 Rd7 25. Be3 Rfd8 26. a4 Nd5 27. Bc1 c4 28. Re1 Nc5 29. Rxe5 Nd3 30. Re2 Ra8 31. Bd2 Nxb2 32. Bxh6 gxh6 33. Rxb2 Nxc3 34. Rc2 Rxa4 35. Re1 Nd5 36. Re5 Nf6 37. Re6 Kg7 38. Rf2 Rf7 39. Rf4 b5 40. Rb6 c3 41. Rf1 b4 42. Rc1 1-0


[Site "https://www.chess.com"]

[Event "Titled Tuesday Blitz May 23 Late 2023"]
[White "Csonka, Balazs"]
[Black "Machidon, Cristi"]
[WhiteFideId "742910"]
[BlackFideId "13904590"]
[WhiteElo "2404"]
[BlackElo "2355"]
[Result "1-0"]
[Round "04"]
[TimeControl "180+2"]
[Date "2023.05.23"]
[WhiteClock "0:00:11"]
[BlackClock "0:00:01"]

1. d4 d5 2. c4 c6 3. Nf3 e6 4. Qc2 f5 5. Bf4 Bd6 6. e3 Nf6 7. Nc3 O-O 8. Bd3 Ne4 9. O-O Qe7 10. Bxd6 Nxd6 11. Ne5 Nd7 12. c5 Nf7 13. Nxd7 Bxd7 14. f4 b6 15. b4 a5 16. Na4 b5 17. Nb6 Ra7 18. a4 axb4 19. axb5 Rb7 20. Nxd7 Qxd7 21. b6 g5 22. Rfb1 gxf4 23. exf4 Nh8 24. Rxb4 Ng6 25. g3 Qg7 26. Kh1 Kh8 27. Ba6 Rbb8 28. Be2 Rg8 29. Ra7 Qf6 30. Qd2 Rg7 31. Rxg7 Qxg7 32. Ra4 Rg8 33. Ra7 Qf6 34. b7 Rb8 35. Ra8 Qf8 36. Qa5 1-0


[Site "https://www.chess.com"]

[Event "Titled Tuesday Blitz May 23 Late 2023"]
[White "Petrovic, Aleksa"]
[Black "Timmermans, Mark"]
[WhiteFideId "967629"]
[BlackFideId "1026399"]
[WhiteElo "2309"]
[BlackElo "2460"]
[Result "0-1"]
[Round "04"]
[TimeControl "180+2"]
[Date "2023.05.23"]
[WhiteClock "0:01:45"]
[BlackClock "0:02:02"]

1. e4 e5 2. Nf3 Nc6 3. Bc4 Nf6 4. d4 exd4 5. O-O Nxe4 6. Nc3 dxc3 7. Bxf7+ Kxf7 8. Qd5+ Kf6 9. Qxe4 Be7 10. Qf4+ Kg6 11. h4 h6 12. h5+ Kh7 13. Qf5+ Kg8 14. Qd5+ Kf8 15. Qf5+ Bf6 16. Nh4 Ne7 0-1


[Site "https://www.chess.com"]